 Dungeon Crawl Stone Soup version 0.30-a0-313-gae38170b09 (webtiles) character file.

Game seed: 13809022210895647500

312 greasedhog the Conjurer (level 6, -3/36 HPs)
             Began as a Gargoyle Hedge Wizard on Oct 26, 2022.
             Slain by Crazy Yiuf
             ... wielding a +3 quarterstaff of chaos
              (13 damage)
             ... while paralysed by Crazy Yiuf
             ... on level 3 of the Dungeon.
             The game lasted 00:04:59 (3360 turns).

greasedhog the Conjurer (Gargoyle Hedge Wizard)     Turns: 3360, Time: 00:05:00

Health: -3/36      AC: 10    Str: 13    XL:     6   Next: 42%
Magic:  11/11      EV:  2    Int: 23    God:
Gold:   145        SH:  0    Dex:  9    Spells: 6/12 levels left

rFire   + . .      SeeInvis .    j - staff of earth
rCold   . . .      Faith    .    (no shield)
rNeg    + . .      Spirit   .    p - +1 leather armour {rF+}
rPois   ∞          Reflect  +    c - +0 hat
rElec   +          Harm     .    k - +0 cloak
rCorr   .          Rampage  .    (no gloves)
Will    .....                    f - +0 pair of boots
Stlth   +.........               d - amulet of reflection
HPRegen 0.26/turn                g - +6 ring of intelligence
MPRegen 0.12/turn                (no ring)

@: paralysed
A: sickness immunity, AC +4, negative energy resistance 1, electricity
resistance, torment resistance 1, petrification resistance
a: no special abilities


You were on level 3 of the Dungeon.
You visited 1 branch of the dungeon, and saw 3 of its levels.

You collected 145 gold pieces.

Inventory:

Armour
 c - a +0 hat (worn)
 f - a +0 pair of boots (worn)
 k - a +0 cloak (worn)
 p - a +1 leather armour of fire resistance (worn)
Magical Staves
 j - a staff of earth (weapon)
Jewellery
 d - an amulet of reflection (around neck)
 g - a +6 ring of intelligence (left hand)
Wands
 e - a wand of flame (14)
Scrolls
 h - 2 scrolls of magic mapping {unknown}
 i - 2 scrolls of immolation
 m - a scroll of enchant weapon {unknown}
Potions
 a - 3 potions of degeneration {unknown}
 b - a potion of flight {unknown}
 l - a potion of curing {unknown}
 n - a potion of berserk rage {unknown}
 q - 2 potions of ambrosia {unknown}


   Skills:
 + Level 2.5 Fighting
 - Level 1.5 Dodging
 - Level 2.1 Stealth
 + Level 3.8 Spellcasting
 * Level 4.1 Conjurations
 - Level 0.8 Summonings
 + Level 2.4 Translocations
 + Level 1.7 Poison Magic


You had 6 spell levels left.
You knew the following spells:

 Your Spells              Type           Power      Damage    Failure   Level
a - Magic Dart            Conj           92%        1d7       2%          1
b - Blink                 Tloc           30%        N/A       8%          2
c - Mephitic Cloud        Conj/Pois/Air  13%        N/A       19%         3

Your spell library contained the following spells:

 Spells                   Type           Power      Damage    Failure   Level
 Slow                     Hex            16%        N/A       14%         1
 Call Imp                 Summ           8%         N/A       14%         2
 Portal Projectile        Hex/Tloc       18%        N/A       24%         3
 Tukima's Dance           Hex            4%         N/A       38%         3
 Blade Hands              Tmut           2%         N/A       98%         5
 Cigotuvi's Dreadful Rot  Necr/Pois/Air  Unusable   N/A       N/A         2

Dungeon Overview and Level Annotations

Branches:
Dungeon (3/15)

Altars:

Shops:
D:1 *

Annotations:
D:3 Crazy Yiuf


Innate Abilities, Weirdness & Mutations

You are immune to sickness and miasma.
Your stone body is resilient. (AC +4)
You are immune to poison.
You resist negative energy. (rN+)
You are resistant to electric shocks. (rElec)
You are resistant to unholy torment.
You are immune to petrification.


Message History

You hit the endoplasm.
You kill the endoplasm!
No target in view!
No target in view!
No target in view!
No target in view!
No target in view!
No target in view!
No target in view!
No target in view!
No target in view!
HP restored.
You now have 136 gold pieces (gained 7).
q - 2 silvery potions You now have 145 gold pieces (gained 9).
Key pressed, stopping explore.
You pick up a book of Weapons and begin reading...
You add the spells Tukima's Dance, Portal Projectile and Blade Hands to your library.
Okay, then.
Found a leather armour.
You see here a +0 leather armour.
Found four hammers.
Found a runed translucent door.
Crazy Yiuf shouts!
You see here a +0 hammer.
You see here a +0 hammer.
Found a hammer.
Crazy Yiuf screams, "Blight Orb Guardian hog!"
You open the door.
The air fills with toxic fumes!
As you read the scroll of poison, it crumbles to dust.
Crazy Yiuf hits you with a +3 quarterstaff of chaos.
You suddenly lose the ability to move!
Crazy Yiuf cries, "You leg down broken song, no?"
Crazy Yiuf hits you with a +3 quarterstaff of chaos!
Crazy Yiuf freezes you.
Crazy Yiuf hits you with a +3 quarterstaff of chaos!
Crazy Yiuf freezes you.
* * * LOW HITPOINT WARNING * * *
Crazy Yiuf hits you with a +3 quarterstaff of chaos!
You die...

..## #..# #..# #..# ####♣♣
### #..# ##....♣♣ ♣♣#§§§#
#..# #......♣♣♣♣@g§§§#
#..#######
#.......♣§§♣#§§§#
#......... #......♣§♣♣♣ ###
#..####### ##.##♣♣♣♣♣
#..### #.# #....#
#.################....#
#...[.................##
#############..........####
##.............


You could see Crazy Yiuf.

Vanquished Creatures
  Grinder (D:3)
  Ijyb (D:3)
  Jessica (D:3)
  An iguana (D:3)
  An adder (D:2)
  A worm (D:2)
  2 orcs
  8 bats
  3 endoplasms
  A giant cockroach (D:1)
  7 goblins (D:1)
  4 hobgoblins
  5 quokkas
  3 ball pythons
  A frilled lizard (D:2)
  A kobold (D:1)
  6 rats
47 creatures vanquished.

Notes
Turn   | Place    | Note
-------+----------+-------------------------------------------
     0 | D:1      | greasedhog the Gargoyle Hedge Wizard began the quest for
                  | the Orb.
     0 | D:1      | Reached XP level 1. HP: 10/10 MP: 4/4
    39 | D:1      | Reached skill level 1 in Translocations
   311 | D:1      | Reached XP level 2. HP: 16/16 MP: 3/6
   367 | D:1      | Learned a level 2 spell: Blink
   628 | D:1      | Reached skill level 2 in Conjurations
   732 | D:1      | Reached skill level 1 in Fighting
   734 | D:1      | Reached XP level 3. HP: 10/20 MP: 0/7
  1166 | D:1      | Found Moduce's General Store.
  1819 | D:2      | Learned a level 3 spell: Mephitic Cloud
  2036 | D:2      | You fall into a shaft and drop 1 floor!
  2570 | D:3      | Reached XP level 4. HP: 25/25 MP: 5/8
  2675 | D:3      | Noticed Grinder
  2701 | D:3      | Killed Grinder
  2702 | D:3      | Reached skill level 3 in Conjurations
  2702 | D:3      | Reached skill level 1 in Poison Magic
  2702 | D:3      | Reached XP level 5. HP: 10/30 MP: 1/10
  2702 | D:3      | Reached XP level 6. HP: 12/35 MP: 1/11
  2837 | D:3      | Noticed Jessica
  2850 | D:3      | Killed Jessica
  2851 | D:3      | Reached skill level 4 in Conjurations
  2851 | D:3      | Noticed Ijyb
  2883 | D:3      | Killed Ijyb
  3352 | D:3      | Found a runed translucent door.
  3353 | D:3      | Noticed Crazy Yiuf
  3357 | D:3      | Paralysed by Crazy Yiuf for 4 turns
  3360 | D:3      | Slain by Crazy Yiuf

Illustrated notes

Levels and vault maps discovered:
D:1:      giann_wishing_wells, layout_basic, serial_shops,
          nicolae_shop_behind_doors, minmay_pentomino_o4
D:2:      layout_basic
D:3:      layout_rooms, uniq_grinder, uniq_ijyb, uniq_jessica,
          uniq_crazy_yiuf_cottage

Skill      XL: |  1  2  3  4  5  6 |
---------------+-------------------+-----
Translocations | 1 2 |  2.4
Conjurations   | 2 3 4 |  4.1
Fighting       | 1 2 |  2.5
Poison Magic   | 1 |  1.7
Dodging        | |  1.5
Stealth        | |  2.1
Spellcasting   | |  3.8
Summonings     | |  0.8

Action                   |  1- 3 |  4- 6 || total
-------------------------+-------+-------++-------
Melee: Dagger            |    36 |       ||    36
       Punch             |     1 |       ||     1
       Staff             |       |    29 ||    29
 Cast: Magic Dart        |    86 |    48 ||   134
  Use: Scroll            |     3 |     2 ||     5
       Potion            |       |     3 ||     3
Armor: Robe              |    28 |     1 ||    29
       Skin              |       |    20 ||    20
       Leather armour    |       |     2 ||     2
Dodge: Dodged            |    55 |    13 ||    68
Block: Other             |       |     6 ||     6

Table legend: (Time is in decaauts)
 A = Elapsed time spent in this place.
 B = Non-inter-level travel time spent in this place.
 C = Inter-level travel time spent in this place.
 D = Time resting spent in this place.
 E = Time spent auto-exploring this place.
 F = Levels seen in this place.
 G = Mean time per level.
                   A        B        C        D        E       F      G
               +--------+--------+--------+--------+--------+-----+--------+
         Total |   3365 |   3307 |     58 |    533 |   2383 |   3 | 1121.7 |
       Dungeon |   3365 |   3307 |     58 |    533 |   2383 |   3 | 1121.7 |
               +--------+--------+--------+--------+--------+-----+--------+

Top non-repeatable levels by time:
     D:1: 1364 daAuts
     D:2: 1158 daAuts
     D:3: 842 daAuts
